cohdb
Replays
Latest Replays
All Replays
Popular Replays
Top Player Replays
Match Explorer
How It Works
Community
CoH3 Stats
Reddit
Sign in to upload your games and track your stats! →
Sign in with Steam
Match 38774104
Unlisted
Match 38774104
Overview
Messages
Build Orders
End
Construct Section Command Post
Royal Engineer Section
Selects Air and Sea Battlegroup
Dingo Light Scout Car
Infantry Section
Infantry Section
Selects Supply Surplus
Infantry Section
Construct Platoon Command Post
Construct Resource Cache
Selects Commando Section Paradrop
Selects Commando Support Section Paradrop
Infantry Training
Commando Support Section Paradrop
Construct Company Command Post
Construct Resource Cache
Vickers Machine Gun Team
Selects Anti-tank Rocket Loiter
Matilda II Heavy Tank
Grenade Package
Unlock Bishop Self-propelled Artillery
Neon-Reactionary
Kamfrenchie
szwed
WrebbsJohnsonGiver
Naveed #No2IRGC
Wanton_Endangerment999
Valdai
Sailor
0
0
Comments
sign in to comment!
No comments posted yet!